 Dungeon Crawl Stone Soup version 0.17-a0-1430-g49fde19 (webtiles) character file.

69033 urechis the Severer (level 15, -4/138 HPs)
             Began as a Hill Orc Gladiator on June 25, 2015.
             Was the Champion of Makhleb.
             Slain by a death yak (10 damage)
             ... on level 8 of the Lair of Beasts.
             The game lasted 01:12:42 (19662 turns).

urechis the Severer (Hill Orc Gladiator)           Turns: 19662, Time: 01:12:43

Health: -4/138     AC: 20    Str: 26    XL:     15   Next: 28%
Magic:  22/22      EV:  2    Int:  8    God:    Makhleb [******]
Gold:   1667       SH:  0    Dex: 20    Spells: 0 memorised, 14 levels left

rFire  + + +     SeeInvis +     a - +6 war axe "Viso" {freeze, Dex+7}
rCold  + . .     Clarity  .     Q - +5 ring mail of Oblivion {+Inv rElec}
rNeg   + + +     SustAt   .     m - +2 shield of Resistance {rF+ rC+ MR+}
rPois  ∞         Gourm    .     R - +0 hat {SInv}
rElec  +         Spirit   .     C - +0 cloak "Gaoneim" {+Blink rF++ Str+3}
rCorr  .         Warding  .     J - +0 pair of gloves
rMut   .         Stasis   .     N - +0 pair of boots
MR     ++...                    P - amulet of regeneration
Stlth  +.........               w - ring of positive energy
                                g - +3 ring of protection

@: petrified, very resistant to hostile enchantments, very unstealthy
A: no striking features
a: Minor Destruction, Lesser Servant of Makhleb, Major Destruction, Greater
Servant of Makhleb, Renounce Religion, Evoke Blink, Evoke Invisibility


You were on level 8 of the Lair of Beasts.
You worshipped Makhleb.
Makhleb was exalted by your worship.
You were not hungry.

You visited 3 branches of the dungeon, and saw 21 of its levels.
You also visited: Ice Cave and Volcano.

You collected 1667 gold pieces.

Inventory:

Hand weapons
 a - the +6 war axe "Viso" (weapon) {freeze, Dex+7}
   (You found it on level 4 of the Dungeon)

   It has been specially enchanted to freeze those struck by it, causing extra
   injury to most foes and up to half again as much damage against particularly
   susceptible opponents.
   It can also slow down cold-blooded creatures.
   It affects your dexterity (+7).
 b - a +0 blowgun
Missiles
 e - 5 throwing nets (quivered)
 u - 79 poisoned needles
Armour
 m - the +2 shield of Resistance (worn) {rF+ rC+ MR+}
   (You found it on level 8 of the Dungeon)

   It protects you from fire.
   It protects you from cold.
   It affects your resistance to hostile enchantments.
 C - the +0 cloak "Gaoneim" (worn) {+Blink rF++ Str+3}
   (You found it on level 8 of the Dungeon)

   It affects your strength (+3).
   It greatly protects you from fire.
   It lets you blink.
 J - a +0 pair of gloves (worn)
 N - a +0 pair of boots (worn)
 Q - the +5 ring mail of Oblivion (worn) {+Inv rElec}
   (You found it on level 10 of the Dungeon)

   It insulates you from electricity.
   It lets you turn invisible.
 R - a +0 hat of see invisible (worn)
Jewellery
 g - a +3 ring of protection (left hand)
 w - a ring of positive energy (right hand)
 P - an amulet of regeneration (around neck)
 S - an uncursed amulet of clarity
Scrolls
 f - 5 scrolls of magic mapping
 h - 11 scrolls of teleportation
 i - 5 scrolls of recharging
 k - 4 scrolls of enchant armour
 n - 5 scrolls of immolation
 q - 9 scrolls of enchant weapon
 A - 5 scrolls of fog
 F - 4 scrolls of fear
 K - 2 scrolls of blinking
 M - a scroll of vulnerability {unknown}
 T - 6 scrolls of remove curse
 W - a scroll of brand weapon {unknown}
Potions
 j - 4 potions of curing
 p - 2 potions of cancellation
 r - 3 potions of heal wounds
 s - 4 potions of flight
 t - 2 potions of poison {unknown}
 v - 2 potions of haste {unknown}
 x - 2 potions of mutation {unknown}
 z - a potion of invisibility {unknown}
 B - 2 potions of agility {unknown}
 H - a potion of cure mutation {unknown}
 I - a potion of beneficial mutation {unknown}
 L - 6 potions of lignification
 O - 4 potions of degeneration {unknown}
 V - 2 potions of berserk rage {unknown}
 Y - 3 potions of might {unknown}
Comestibles
 c - 3 chunks of flesh
 d - 16 bread rations
 l - 4 meat rations
 o - 9 fruits
 D - a beef jerky
 G - 16 royal jellies


   Skills:
 + Level 14.2 Fighting
 - Level 16.0 Axes
 - Level 2.0 Throwing
 + Level 13.2 Armour
 - Level 2.4 Dodging
 - Level 15.0 Shields
 - Level 10.0 Invocations


You had 14 spell levels left.
You didn't know any spells.

Dungeon Overview and Level Annotations

Branches:
Dungeon (12/15)            Temple (1/1) D:5            Lair (8/8) D:8
 Shoals (0/4) Lair:3        Snake (0/4) Lair:5        Slime (0/6) Lair:6
    Orc (0/4) D:11

Altars:
Ashenzari
Cheibriados
Dithmenos
Elyvilon
Fedhas
Gozag
Kikubaaqudgha
Makhleb
Nemelex Xobeh
Okawaru
Qazlal
Ru
Sif Muna
Trog
Vehumet
Xom
Yredelemnul
Zin
The Shining One
Jiyva
Lugonu

Shops:
D:8 =   D:9 !


Message History

The blast of calcifying dust hits you! The death yak gores you!
The death yak gores you but does no damage.
The death yak gores you. x2
The death yak gores you but does no damage.
The catoblepas gores you!
* * * LOW HITPOINT WARNING * * *
The death yak gores you!
* * * LOW HITPOINT WARNING * * *
The death yak gores you!!
* * * LOW HITPOINT WARNING * * *
The death yak gores you.
* * * LOW HITPOINT WARNING * * *
The death yak gores you but does no damage.
The death yak gores you!!
* * * LOW HITPOINT WARNING * * *
The catoblepas gores you!
* * * LOW HITPOINT WARNING * * *
The death yak gores you but does no damage. x2
The death yak gores you!!
You die...

## #.##
##...########
#.P.........###
#P.♣.Y##......##
#..Y@Y##.....P#
#.#YYY.###....♣#
#. #.Yk...###...##
#.
#.....÷..#....##
#.
....#..8.##.÷..##
#
#....#.....#.....#
#..##.##.8.#.....#
#÷. # ...#.....###
##P÷..#.#


You could see 6 death yaks, a catoblepas and a lindwurm.

Vanquished Creatures
  An acid blob (Lair:6)
  Gastronok (D:11)
  A storm dragon (D:12)
  Erolcha (D:8)
  3 hydras
  The ghost of 4thArraOfDagon the Cleaver, an experienced DDHu of Makhleb (D:12)
  A queen ant (Lair:5)
  The ghost of urechis the Grappler, an experienced TrMo (D:7)
  2 unseen horrors
  A naga ritualist (Lair:5)
  3 ice statues (IceCv)
  2 lindwurms
  3 hill giants
  A cyclops (D:12)
  An oklob plant (Lair:4)
  2 manticores
  4 griffons
  20 elephants
  Maurice (D:8)
  Joseph (D:8)
  2 gargoyles
  2 molten gargoyles (Volcano)
  9 spiny frogs
  9 black mambas
  A centaur skeleton (D:12)
  7 komodo dragons
  3 fire drakes
  A queen bee (Lair:7)
  2 trolls
  2 polar bears
  A two-headed ogre (D:11)
  7 slime creatures (D:12)
  A snapping turtle (Lair:3)
  8 blink frogs
  49 yaks
  3 deep elf magi
  6 hungry ghosts
  A spriggan (D:8)
  2 water elementals (D:12)
  A deep elf fighter (D:8)
  8 wolves
  8 fire bats (Volcano)
  A hill giant zombie (D:11)
  A mottled dragon (Volcano)
  10 hippogriffs
  4 nagas (Lair:5)
  A hell hound (Volcano)
  3 orc warriors
  11 porcupines
  14 soldier ants (Lair:5)
  Duvessa (D:5)
  18 water moccasins
  A sky beast (D:10)
  9 ice beasts
  2 black bears
  6 phantoms
  11 centaurs
  5 ogres
  19 giant frogs
  15 crocodiles
  A wyvern zombie (D:12)
  3 big kobolds
  Dowan (D:5)
  A troll zombie (D:11)
  3 scorpions
  57 killer bees
  9 wights
  An electric eel (Lair:3)
  11 crimson imps
  A giant frog zombie (D:12)
  A giant frog skeleton (D:10)
  4 jellies
  6 orc priests
  7 hounds
  2 lava snakes (Volcano)
  6 orc wizards
  4 hell rats (Lair:7)
  40 worker ants
  8 iguanas
  2 killer bee zombies
  A hound zombie (D:7)
  6 ogre zombies (D:11)
  A hound skeleton (D:6)
  7 gnolls
  70 river rats
  14 adders
  6 shadow imps
  17 white imps
  4 worms
  7 giant geckos
  45 orcs
  A ball python (D:5)
  31 bats
  A bat skeleton (D:5)
  A bat zombie (D:5)
  10 giant cockroaches
  5 goblins
  17 hobgoblins
  8 jackals
  4 quokkas
  A giant gecko skeleton (D:5)
  3 giant newts
  A goblin skeleton (D:11)
  2 goblin zombies (D:11)
  A hobgoblin skeleton (D:11)
  3 hobgoblin zombies (D:11)
  A jackal zombie (D:5)
  34 kobolds
  3 orc skeletons (D:11)
  14 orc zombies (D:11)
  30 rats
  4 fungi
  2 plants
839 creatures vanquished.

Vanquished Creatures (others)
  A gargoyle (D:12)
  An orc (D:12)
  A goblin skeleton (D:11)
  A fungus (Lair:7)
4 creatures vanquished.

Grand Total: 843 creatures vanquished

Notes
Turn   | Place    | Note
--------------------------------------------------------------
     0 | D:1      | urechis the Hill Orc Gladiator began the quest for the Orb.
     0 | D:1      | Reached XP level 1. HP: 18/18 MP: 1/1
   307 | D:1      | Reached XP level 2. HP: 16/25 MP: 2/2
   346 | D:1      | Reached skill level 1 in Armour
   770 | D:2      | Reached XP level 3. HP: 27/30 MP: 3/3
   774 | D:2      | Found a stormy altar of Qazlal.
   917 | D:2      | Reached skill level 5 in Axes
  1016 | D:2      | Reached XP level 4. HP: 24/38 MP: 4/4
  1673 | D:3      | Found an opulent altar of Gozag.
  1676 | D:3      | Found a glowing silver altar of Zin.
  1686 | D:3      | Found a glowing golden altar of the Shining One.
  1695 | D:3      | Found a deep blue altar of Sif Muna.
  1746 | D:3      | Reached XP level 5. HP: 36/45 MP: 5/5
  1752 | D:3      | Reached skill level 6 in Axes
  2214 | D:3      | Found an iron altar of Okawaru.
  2465 | D:3      | Noticed a centaur
  2474 | D:3      | Killed a centaur
  2474 | D:3      | Reached XP level 6. HP: 41/53 MP: 6/6
  2826 | D:4      | Reached skill level 7 in Axes
  3021 | D:4      | Got a translucent war axe
  3022 | D:4      | Identified the +6 war axe "Viso" {freeze, Dex+7} (You found it on level 4 of the Dungeon)
  3257 | D:4      | Noticed a moth of wrath
  3259 | D:4      | Found a bloodstained altar of Trog.
  3535 | D:4      | Reached XP level 7. HP: 52/60 MP: 7/7
  3602 | D:5      | Entered Level 5 of the Dungeon
  3617 | D:5      | Noticed Duvessa
  3617 | D:5      | Noticed Dowan
  3623 | D:5      | Killed Dowan
  3628 | D:5      | Killed Duvessa
  3628 | D:5      | Reached skill level 5 in Fighting
  3628 | D:5      | Reached skill level 8 in Axes
  3628 | D:5      | HP: 3/91 [poisoned by Duvessa]
  4223 | D:5      | Reached skill level 9 in Axes
  4223 | D:5      | Reached XP level 8. HP: 62/70 MP: 8/8
  4370 | D:5      | Found a staircase to the Ecumenical Temple.
  4477 | Temple   | Entered the Ecumenical Temple
  4575 | D:6      | Found a shattered altar of Ashenzari.
  4581 | D:6      | Reached skill level 5 in Armour
  4627 | D:6      | Reached skill level 10 in Axes
  4807 | D:6      | Found a radiant altar of Vehumet.
  4927 | D:6      | Found a burning altar of Makhleb.
  4932 | D:6      | Found a shimmering altar of Xom.
  5367 | D:7      | Noticed urechis's ghost (experienced TrMo)
  5374 | D:7      | Reached XP level 9. HP: 61/79 MP: 9/9
  5385 | D:6      | Found a snail-covered altar of Cheibriados.
  5673 | D:6      | Became a worshipper of Makhleb the Destroyer
  5705 | D:7      | Killed urechis's ghost
  5705 | D:7      | Reached skill level 11 in Axes
  5942 | D:7      | Reached skill level 12 in Axes
  6141 | D:7      | Reached skill level 1 in Invocations
  6387 | D:8      | Reached skill level 1 in Shields
  6503 | D:8      | Reached XP level 10. HP: 23/88 MP: 12/12
  6808 | D:8      | Acquired Makhleb's first power
  7110 | D:8      | Acquired Makhleb's second power
  7150 | D:8      | Found a staircase to the Lair.
  7186 | D:8      | Noticed Maurice
  7202 | D:8      | Killed Maurice
  7202 | D:8      | Reached skill level 13 in Axes
  7220 | D:8      | Noticed Erolcha
  7227 | D:8      | Killed Erolcha
  7227 | D:8      | Reached skill level 5 in Invocations
  7233 | D:8      | Got a fine cloak
  7239 | D:8      | Identified the cursed +0 cloak "Gaoneim" {+Blink rF++ Str+3} (You found it on level 8 of the Dungeon)
  7370 | D:8      | Found Rimaneokif's Jewellery Shoppe.
  7813 | D:8      | Noticed Joseph
  7823 | D:8      | Killed Joseph
  7823 | D:8      | Reached skill level 5 in Shields
  8041 | D:9      | Acquired Makhleb's third power
  8138 | D:9      | Found Qashresh's Distillery.
  8155 | D:9      | Reached XP level 11. HP: 95/95 MP: 15/15
  8257 | D:9      | Reached skill level 14 in Axes
  8497 | D:10     | Entered Level 10 of the Dungeon
  8559 | D:10     | Found a staircase to the Lair.
  8643 | D:10     | Acquired Makhleb's fourth power
  8653 | D:10     | Noticed an unseen horror
  8662 | D:10     | Killed an unseen horror
  8797 | D:10     | Acquired Makhleb's fifth power
  8967 | D:10     | Got a slimy ring mail
  8978 | D:10     | Identified the +5 ring mail of Oblivion {+Inv rElec} (You found it on level 10 of the Dungeon)
  9230 | D:11     | Found a staircase to the Orcish Mines.
  9414 | D:11     | Noticed Gastronok
  9451 | D:11     | Killed Gastronok
  9451 | D:11     | Reached XP level 12. HP: 56/106 MP: 18/18
  9459 | D:11     | Reached skill level 15 in Axes
  9628 | D:11     | Noticed a hill giant
  9638 | D:11     | Killed a hill giant
  9667 | D:11     | Noticed a hill giant
  9677 | D:11     | Killed a hill giant
 10054 | D:12     | Found a frozen archway.
 10090 | D:12     | Reached skill level 10 in Fighting
 10111 | D:12     | Noticed 4thArraOfDagon's ghost (experienced DDHu)
 10129 | D:12     | Killed 4thArraOfDagon's ghost
 10138 | D:12     | Reached skill level 10 in Invocations
 10544 | IceCv    | Entered an ice cave
 10555 | IceCv    | Reached skill level 16 in Axes
 10601 | IceCv    | Reached skill level 10 in Shields
 10785 | IceCv    | Reached XP level 13. HP: 99/114 MP: 20/20
 11045 | D:12     | Noticed a storm dragon
 11071 | D:12     | Killed a storm dragon
 11071 | D:12     | Reached skill level 10 in Armour
 11862 | Lair:1   | Entered Level 1 of the Lair of Beasts
 13659 | Lair:3   | Got a bloodstained leather armour
 13670 | Lair:3   | Identified the cursed +1 leather armour "Devurph" {rElec Int+2 SInv} (You found it on level 3 of the Lair of Beasts)
 13835 | Lair:3   | Found a staircase to the Shoals.
 14343 | Lair:4   | Found a sacrificial altar of Ru.
 14738 | Lair:4   | Reached XP level 14. HP: 126/126 MP: 21/21
 15638 | Lair:5   | Found a staircase to the Snake Pit.
 15682 | Lair:5   | Found a dark tunnel.
 15687 | Volcano  | Entered a volcano
 15993 | Volcano  | Found a burning altar of Makhleb.
 17084 | Lair:6   | Found a runed door.
 17085 | Lair:6   | Found a viscous altar of Jiyva.
 17085 | Lair:6   | Noticed an acid blob
 17086 | Lair:6   | Found a staircase to the Slime Pits.
 17099 | Lair:6   | Killed an acid blob
 17422 | Lair:6   | Found a deep blue altar of Sif Muna.
 18565 | Lair:7   | Reached XP level 15. HP: 136/136 MP: 22/22
 18913 | Lair:7   | Reached skill level 15 in Shields
 19061 | Lair:8   | Entered Level 8 of the Lair of Beasts
 19662 | Lair:8   | HP: 6/138 [catoblepas (4)]
 19662 | Lair:8   | Slain by a death yak

Vault maps used:
D:1:      mrwooster_arrival_statue_2, serial_bayou_lake_a
D:2:      grunt_qazlal_clouds
D:3:      grunt_temple_overflow_cloverleaf, okawaru_metal_pillars_3
D:4:      tgw_trog, st_stairs_3
D:5:      minmay_temple_entry_glassed_door, first_bread,
          hangedman_decor_clover_reticule, uniq_duvessa
D:6:      nicolae_overflow_hidden_temple, ashenzari_altar_1
D:7:      hangedman_cross_stitches
D:8:      lemuel_upstairs_altar, grunt_lair_entry_elf_guard_hut, serial_shops,
          kennysheep_little_box, the_bakery, uniq_maurice, uniq_erolcha,
          uniq_joseph
D:9:      serial_shops, nicolae_shop_stone
D:10:     dpeg_oklobed_lair, minmay_nine_imps
D:11:     zombieorc2_lemuel, grunt_decor_one_mirror, uniq_gastronok
D:12:     serial_ice, serial_ice_f, serial_ice_l, serial_ice_n, serial_ice_h,
          portal_ice_cave_entry_imps, evilmike_minifort
Temple:   corrupted_temple
Lair:1:   beast_lair_carwin_10, grunt_megastairs_3
Lair:3:   minmay_shoals_entry_hut, serial_bayou_pond_b
Lair:4:   lemuel_oklob_altar
Lair:5:   minmay_snake_entry_guardpost_small, enter_volcano_4, zaba_anthell
Lair:6:   slime_altar_2, basic_altar, lemuel_fruit_tree, serial_bayou_shore_b
Lair:7:   special_room
Lair:8:   grunt_lair_end_beastmaster, grunt_megastairs_2
IceCv:    ice_cave_statue_garden_02
Volcano:  volcano_lake

Action                   |  1- 3 |  4- 6 |  7- 9 | 10-12 | 13-15 || total
-------------------------+-------+-------+-------+-------+-------++-------
Melee: War axe           |   123 |   245 |   237 |   595 |  1013 ||  2213
 Fire: Blowgun           |       |       |       |       |    11 ||    11
  Use: Scroll            |       |     8 |       |     4 |    11 ||    23
       Potion            |       |       |     3 |       |       ||     3
  Eat: Chunk             |       |     9 |     5 |    14 |    21 ||    49
       Meat ration       |       |       |     1 |       |     1 ||     2
       Fruit             |       |       |     1 |     1 |     2 ||     4
       Royal jelly       |       |       |       |       |     1 ||     1
       Pizza             |       |       |       |       |     1 ||     1
